 Dungeon Crawl Stone Soup version 0.28-a0-410-gbef64dd269 (webtiles) character file.

Game seed: 1235319984747767979

11074 omnomnOMINOUS the Destroyer (level 11, -2/76 HPs)
             Began as an Octopode Wanderer on Sept 6, 2021.
             Was a Believer of the Shining One.
             Slain by a seven-headed hydra (14 damage)
             ... on level 1 of the Lair of Beasts on Sept 7, 2021.
             The game lasted 00:34:09 (12401 turns).

omnomnOMINOUS the Destroyer (Octopode Wanderer)    Turns: 12401, Time: 00:34:10

Health: -2/76      AC:  1    Str: 18    XL:     11   Next: 72%
Magic:  0/19       EV: 16    Int: 16    God:    the Shining One [**....]
Gold:   330        SH:  6    Dex: 13    Spells: 17/20 levels left

rFire   . . .      SeeInvis .   a - +0 dagger (venom)
rCold   . . .      Faith    .   l - +1 buckler
rNeg    + . .      Spirit   +   (helmet restricted)
rPois   .          Reflect  .   p - amulet of guardian spirit
rElec   .          Harm     .   n - ring of willpower
rCorr   .          Rampage  .   u - +6 ring of strength
Will    +....                   (no ring)
Stlth   ++........              (no ring)
HPRegen 0.22/turn               (no ring)
MPRegen 0.16/turn               (no ring)
                                (no ring)
                                (no ring)

@: about to teleport, glowing
A: almost no armour, amphibious, 8 rings, camouflage 1, gelatinous body 1,
(nimble swimmer 1), tentacles
a: Renounce Religion, Divine Shield


You were on level 1 of the Lair of Beasts.
You worshipped the Shining One.
The Shining One was pleased with you.
You visited 3 branches of the dungeon, and saw 12 of its levels.

You collected 500 gold pieces.
You spent 170 gold pieces at shops.

Inventory:

Hand Weapons
 a - a +0 dagger of venom (weapon)
 b - a +2 short sword
 g - a +3 halberd
 r - a +2 whip of flaming
Missiles
 k - 3 throwing nets (quivered)
Armour
 l - a +1 buckler (worn)
Magical Staves
 v - a staff of poison
Jewellery
 n - a ring of willpower (left tentacle)
 p - an amulet of guardian spirit (around mantle)
 u - a +6 ring of strength (right tentacle)
 A - a ring of protection from cold
Wands
 d - a wand of flame (28)
 s - a wand of mindburst (8)
 w - a wand of iceblast (6)
Scrolls
 e - 5 scrolls of magic mapping
 f - 3 scrolls of teleportation
 h - 2 scrolls of identify
 o - a scroll of vulnerability
 q - 2 scrolls of amnesia
 t - 3 scrolls of enchant armour
 x - 2 scrolls of enchant weapon
 C - a scroll of brand weapon {unknown}
Potions
 c - a potion of lignification
 i - a potion of flight
 j - a potion of attraction
 m - a potion of curing
 z - a potion of cancellation
 B - a potion of haste {unknown}
Miscellaneous
 y - a phantom mirror


   Skills:
 + Level 7.7 Fighting
 - Level 2.0 Short Blades
 + Level 7.8 Dodging
 - Level 7.9 Stealth
 - Level 4.0 Shields
 + Level 5.4 Spellcasting
 * Level 13.2 Conjurations


You had 17 spell levels left.
You knew the following spells:

 Your Spells              Type           Power      Damage    Failure   Level
a - Magic Dart            Conj           100%       1d8       1%          1
b - Searing Ray           Conj           92%        3d6       1%          2

Your spell library contained the following spells:

 Spells                   Type           Power      Damage    Failure   Level
 Shock                    Conj/Air       100%       1d9       1%          1
 Fulminant Prism          Conj/Hex       12%        3d9       10%         4
 Swiftness                Air            4%         N/A       41%         3
 Airstrike                Air            2%         N/A       82%         4
 Animate Dead             Necr           2%         N/A       82%         4
 Borgnjor's Vile Clutch   Necr/Erth      2%         N/A       99%         5
 Death Channel            Necr           2%         N/A       100%        6


Dungeon Overview and Level Annotations

Branches:
Dungeon (10/15)            Temple (1/1) D:4            Lair (1/6) D:9
    Orc: D:9-12

Altars:
Ashenzari
Cheibriados
Elyvilon
Fedhas
Hepliaklqana
Kikubaaqudgha
Nemelex Xobeh
Okawaru
Qazlal
Ru
Sif Muna
Trog
Uskayaw
Wu Jian
Xom
Yredelemnul
Zin
The Shining One

Shops:
D:3 (   D:8 ??*[*


Innate Abilities, Weirdness & Mutations

You cannot wear most types of armour.
You are amphibious.
You can wear up to eight rings at the same time.
Your skin changes colour to match your surroundings (Stealth+).
Your rubbery body absorbs attacks. (AC +1, EV +1)
((You are camouflaged near water. (Stealth+)))
You have tentacles for arms and can constrict up to eight enemies at once.


Message History

The seven-headed hydra barely misses you. x2
The seven-headed hydra bites you! The seven-headed hydra misses you.
The seven-headed hydra barely misses you.
The seven-headed hydra bites you.
The searing ray hits the seven-headed hydra!
The seven-headed hydra is almost dead.
The seven-headed hydra misses you. The seven-headed hydra bites you!
The seven-headed hydra barely misses you.
The seven-headed hydra bites you. The seven-headed hydra bites you!
* * * LOW HITPOINT WARNING * * *
The seven-headed hydra bites you!
* * * LOW HITPOINT WARNING * * *
You block the seven-headed hydra's attack.
Okay, then.
Unknown command.
Okay, then.
Unknown command.
Okay, then.
Unknown command.
Okay, then.
Unknown command.
Okay, then.
Unknown command.
Okay, then.
Unknown command.
Okay, then.
Unknown command.
Okay, then.
Unknown command.
Okay, then.
Unknown command.
Okay, then.
Unknown command.
As you read the scroll of teleportation, it crumbles to dust.
You feel strangely unstable.
The seven-headed hydra bites you but does no damage.
The seven-headed hydra misses you.
The seven-headed hydra barely misses you.
The seven-headed hydra bites you!
You die...

... #...#... ..
#........
###+#.###...#.....
.............#...#
.................
.................
.............P#
###.##.D#....##
.......@#....#######
........#....#.#...#
........#..........#♣
##
.............###....♣
#( .............#
#...## ##
.............###.P#.#
#
........P....##..####
#
........#....P#..####♣
# #..##.............♣


You could see a seven-headed hydra.

Vanquished Creatures
  Harold (D:8)
  Pikel (D:5)
  A deep elf zephyrmancer (D:6)
  A cane toad (Lair:1)
  Psyche (D:8)
  Prince Ribbit (D:7)
  9 blink frogs
  Sigmund (D:6)
  2 steam dragons (D:7)
  Edmund (D:5)
  An acid dragon (D:9)
  A water moccasin (D:9)
  Purgy (D:4)
  4 black bears
  3 orc warriors
  A hornet zombie (D:8)
  2 necrophages
  3 ogres
  2 centaurs
  4 lemures
  A phantom (D:6)
  4 bullfrogs
  4 scorpions
  An electric eel (Lair:1)
  6 howler monkeys
  4 wights (D:8)
  3 centaur zombies
  2 bullfrog zombies
  5 orc priests
  2 iguanas (D:4)
  4 orc wizards
  Ijyb (D:5)
  2 hound skeletons
  A howler monkey zombie (D:9)
  9 adders
  A shadow imp (D:5)
  2 ufetubi
  3 dart slugs
  18 orcs
  A bat zombie (D:5)
  10 endoplasms
  4 giant cockroaches
  9 goblins
  6 hobgoblins
  7 kobolds
  3 quokkas
  4 ball pythons
  8 bats
  3 frilled lizards (D:1)
  6 rats
175 creatures vanquished.

Vanquished Creatures (others)
  A plant (D:4)
1 creature vanquished.

Grand Total: 176 creatures vanquished

Notes
Turn   | Place    | Note
-------+----------+-------------------------------------------
     0 | D:1      | omnomnOMINOUS the Octopode Wanderer began the quest for the
                  | Orb.
     0 | D:1      | omnomnOMINOUS set off with the following items: a +2 short
                  | sword, a potion of lignification, a potion of curing, a +0
                  | dagger
     0 | D:1      | Reached XP level 1. HP: 13/13 MP: 1/1
   188 | D:1      | Reached XP level 2. HP: 18/18 MP: 2/2
   455 | D:1      | Reached XP level 3. HP: 24/24 MP: 3/3
  1112 | D:2      | Noticed a scorpion
  1119 | D:2      | Killed a scorpion
  1120 | D:2      | Reached XP level 4. HP: 31/31 MP: 4/4
  1456 | D:3      | Reached XP level 5. HP: 36/36 MP: 5/5
  1457 | D:3      | Found an ornate altar of the Wu Jian Council.
  1846 | D:3      | Found Fam Xufai's Antique Weapon Emporium.
  1876 | D:4      | Noticed Purgy
  1950 | D:4      | Found a glowing golden altar of the Shining One.
  1984 | D:4      | Noticed a black bear
  1994 | D:4      | Reached skill level 1 in Shields
  2024 | D:4      | Noticed an ogre
  2097 | D:3      | Reached XP level 6. HP: 10/43 MP: 6/6
  2551 | D:4      | Became a worshipper of the Shining One
  2594 | D:5      | Entered Level 5 of the Dungeon
  2738 | D:5      | Noticed a necrophage
  2746 | D:5      | Killed a necrophage
  2747 | D:5      | Reached XP level 7. HP: 30/49 MP: 7/7
  2878 | D:5      | Noticed Edmund
  2885 | D:5      | Noticed Pikel
  3240 | D:5      | Learned a level 1 spell: Magic Dart
  3289 | D:5      | Killed Edmund
  3290 | D:5      | Reached skill level 1 in Conjurations
  3534 | D:6      | Reached skill level 1 in Spellcasting
  3579 | D:5      | Noticed Ijyb
  3592 | D:5      | Killed Ijyb
  3597 | D:5      | Reached skill level 5 in Dodging
  3597 | D:5      | Reached skill level 2 in Conjurations
  3825 | D:5      | Killed Pikel
  3826 | D:5      | Reached skill level 5 in Fighting
  3826 | D:5      | Reached skill level 3 in Conjurations
  3826 | D:5      | Reached XP level 8. HP: 15/55 MP: 8/11
  4300 | D:5      | Learned a level 2 spell: Searing Ray
  4428 | D:5      | Found an ancient bone altar of Kikubaaqudgha.
  4620 | D:6      | Reached skill level 4 in Conjurations
  4798 | D:6      | Noticed Sigmund
  4809 | D:6      | Killed Sigmund
  4879 | D:6      | You fall into a shaft and drop 1 floor!
  5004 | D:6      | Reached XP level 9. HP: 53/62 MP: 13/13
  5148 | D:6      | Reached skill level 5 in Conjurations
  5538 | D:6      | Reached * piety under the Shining One
  5690 | D:6      | Noticed a deep elf zephyrmancer
  5695 | D:6      | Killed a deep elf zephyrmancer
  5696 | D:6      | Reached skill level 6 in Conjurations
  6032 | D:7      | Noticed Prince Ribbit
  6046 | D:7      | Killed Prince Ribbit
  6182 | D:7      | Found a white marble altar of Elyvilon.
  7326 | D:8      | Found Xigys's Magic Scroll Shop.
  7329 | D:8      | Bought a scroll of fear for 35 gold pieces
  7329 | D:8      | Bought a scroll of teleportation for 30 gold pieces
  7860 | D:8      | Reached skill level 7 in Conjurations
  7893 | D:8      | Noticed Harold
  7897 | D:8      | Reached XP level 10. HP: 36/69 MP: 16/16
  7912 | D:8      | Reached skill level 12 in Conjurations
  7912 | D:8      | Reached XP level 11. HP: 26/72 MP: 8/17
  7913 | D:8      | Killed Harold
  8291 | D:8      | Found Ivvuol's General Store.
  8297 | D:8      | Bought a potion of lignification for 45 gold pieces
  8354 | D:8      | Bought a scroll of teleportation for 30 gold pieces
  8354 | D:8      | Bought a scroll of teleportation for 30 gold pieces
  8616 | D:8      | Found Hiushrig's Armour Shoppe.
  8657 | D:8      | Noticed Psyche
  8721 | D:8      | Killed Psyche
  8820 | D:8      | Found Nammueqahe's Magic Scroll Emporium.
  8994 | D:8      | Found Nutwysk's General Store.
  9848 | D:9      | Found a staircase to the Lair.
 10330 | D:9      | Found a broken altar of Ashenzari.
 10403 | D:10     | Entered Level 10 of the Dungeon
 10426 | D:10     | Found the +4 skin of Zhor {*Englaciate rC+++ SInv}
 10932 | D:4      | Killed Purgy
 11090 | D:4      | Found a staircase to the Ecumenical Temple.
 11223 | Temple   | Entered the Ecumenical Temple
 11473 | Lair:1   | Entered Level 1 of the Lair of Beasts
 11506 | D:9      | Reached skill level 5 in Spellcasting
 11670 | Lair:1   | Reached skill level 13 in Conjurations
 11859 | Lair:1   | Reached ** piety under the Shining One
 12389 | Lair:1   | Noticed a seven-headed hydra
 12401 | Lair:1   | Slain by a seven-headed hydra

Illustrated notes

Levels and vault maps discovered:
D:1:      minmay_arrival_radiant_lines, layout_loops_ring
D:2:      layout_rooms, grunt_decor_junction
D:3:      layout_basic, nicolae_wu_jian_wuxing_cycle, serial_shops,
          nicolae_shop_waterfront
D:4:      layout_cave_pools, lemuel_tele_altar, minmay_temple_entry_overgrown,
          serial_bayou_pond_c, corexii_item_surrounded_by_moat, uniq_purgy
D:5:      layout_basic, lemuel_zombie_altar_kikubaaqudgha,
          minmay_misc_feat_hallway, uniq_ijyb, uniq_edmund, uniq_pikel
D:6:      layout_cave_pools, chequers_serial_rivers_room_a, kennysheep_diamond,
          minmay_misc_feat_x, guppyfry_early_elven_hall, uniq_sigmund
D:7:      layout_basic, amcnicky_altar_gilded, uniq_prince_ribbit1
D:8:      layout_basic, serial_shops,
          nicolae_shop_temple_entry_statues_fountains, shop,
          nicolae_take_the_stairs, nicolae_shop_crystal, kennysheep_mini,
          uniq_harold, uniq_psyche
D:9:      layout_long_grid, mainiacjoe_overflow_tiny_flanked, lair_entry_dummy,
          mrwooster_statue_mirror, corexii_leaking_fountain
D:10:     lemuel_insect_pit, layout_small_grid,
          mainiacjoe_overflow_surrounded_room, gammafunk_temple_overflow_claw,
          orc_0_dummy, gammafunk_ghost_cemetery, serial_glass, glass_columns_a,
          glass_columns_b, item_on_display_a, hellmonk_guarded_unrand_zhor
Temple:   cyrus_circular_temple
Lair:1:   layout_regular_city, basic_altar, grunt_forest_small_clearings,
          minmay_hedge_maze, nicolae_quartered_pool_little,
          gammafunk_lair_bear_cave, serial_bayou_shore_b

Skill      XL: |  1  2  3  4  5  6  7  8  9 10 11 |
---------------+----------------------------------+-----
Dodging        | 2 3 4 5 6 7 |  7.8
Fighting       | 2 3 4 5 6 7 |  7.7
Shields        | 1 2 3 4 |  4.0
Conjurations   | 3 4 7 12 13 | 13.2
Spellcasting   | 2 4 5 |  5.4
Short Blades   | |  2.0
Stealth        | |  7.9

Action                   |  1- 3 |  4- 6 |  7- 9 | 10-12 || total
-------------------------+-------+-------+-------+-------++-------
Melee: Short sword       |    29 |       |       |       ||    29
       Constrict         |    12 |    18 |    35 |     8 ||    73
       Dagger            |    32 |    74 |   200 |    40 ||   346
       Tentacles         |    10 |    19 |    54 |     5 ||    88
Throw: Throwing net      |       |       |       |     1 ||     1
 Cast: Magic Dart        |       |       |    12 |    20 ||    32
       Searing Ray       |       |       |    15 |    49 ||    64
Evoke: Wand              |       |       |       |     1 ||     1
  Use: Potion            |       |     1 |     2 |     6 ||     9
       Scroll            |       |       |     3 |     8 ||    11
 Stab: Sleeping          |    17 |    12 |       |       ||    29
       Distracted        |       |     1 |       |       ||     1
Armor: Skin              |     4 |     6 |    17 |    13 ||    40
Dodge: Dodged            |    22 |    47 |   112 |    78 ||   259
Block: Buckler           |       |     8 |    60 |    29 ||    97

Table legend: (Time is in decaauts)
 A = Elapsed time spent in this place.
 B = Non-inter-level travel time spent in this place.
 C = Inter-level travel time spent in this place.
 D = Time resting spent in this place.
 E = Time spent auto-exploring this place.
 F = Levels seen in this place.
 G = Mean time per level.
                   A        B        C        D        E       F      G
               +--------+--------+--------+--------+--------+-----+--------+
         Total |  12391 |  11573 |    818 |   3487 |   6110 |  12 | 1032.6 |
       Dungeon |  11579 |  10769 |    810 |   3283 |   5638 |  10 | 1157.9 |
        Temple |     59 |     51 |      8 |      0 |     42 |   1 |   59.0 |
          Lair |    752 |    752 |      0 |    204 |    430 |   1 |  752.0 |
               +--------+--------+--------+--------+--------+-----+--------+

Top non-repeatable levels by time:
     D:8: 2073 daAuts
     D:5: 2028 daAuts
     D:7: 1417 daAuts
     D:9: 1386 daAuts
     D:6: 1360 daAuts
     D:4: 903 daAuts
     D:3: 800 daAuts
     D:1: 768 daAuts
  Lair:1: 752 daAuts
     D:2: 713 daAuts
    D:10: 127 daAuts
  Temple: 59 daAuts
